 Dungeon Crawl Stone Soup version 0.23.1 (webtiles) character file.

Game seed: 13823213427934031055

87 Kairos the Sneak (level 4, -3/23 HPs)
             Began as a Vine Stalker Assassin on Mar 17, 2019.
             Slain by an orc
             ... wielding a +0 club
              (6 damage)
             ... on level 3 of the Dungeon.
             The game lasted 00:01:50 (1527 turns).

Kairos the Sneak (Vine Stalker Assassin)            Turns: 1527, Time: 00:01:51

Health: -3/23      AC:  5    Str: 13    XL:     4   Next: 51%
Magic:  0/5        EV: 10    Int: 11    God:
Gold:   45         SH:  0    Dex: 17    Spells: 3/3 levels left

rFire    . . .     SeeInvis .   a - +3 dagger
rCold    . . .     Gourm    .   (no shield)
rNeg     . . .     Faith    .   n - -1 ring mail (curse)
rPois    .         Spirit   +   (no helmet)
rElec    .         Reflect  .   d - +0 cloak
rCorr    .         Harm     .   (no gloves)
MR       .....                  (no boots)
Stlth    +++.......             (no amulet)
HPRegen  0.47/turn              (no ring)
MPRegen  0.09/turn              (no ring)

@: no status effects
A: fangs 2, regeneration 1, magic shield, antimagic bite, no potion heal 3, rot
immunity
a: no special abilities


You were on level 3 of the Dungeon.
You were hungry.

You visited 1 branch of the dungeon, and saw 3 of its levels.

You collected 45 gold pieces.

Inventory:

Hand Weapons
 a - a +3 dagger (weapon)
 b - a +0 blowgun
Missiles
 e - 8 poisoned needles
 f - 2 curare-tipped needles
Armour
 c - a +0 robe
 d - a +0 cloak (worn)
 n - a cursed -1 ring mail (worn)
Scrolls
 m - 2 scrolls of teleportation
 o - a scroll of noise {unknown}
Potions
 h - a potion of invisibility {unknown}
 i - 2 potions of might {unknown}
 j - a potion of haste {unknown}
 l - a potion of curing {unknown}
Comestibles
 g - 4 rations


   Skills:
 + Level 2.2 Fighting
 + Level 2.2 Short Blades
 + Level 1.8 Throwing
 + Level 0.4 Armour
 + Level 1.1 Dodging
 + Level 6.3 Stealth


You had 3 spell levels left.
You didn't know any spells.
Your spell library was empty.

Dungeon Overview and Level Annotations

Branches:
Dungeon (3/15)

Altars:
Nemelex Xobeh


Innate Abilities, Weirdness & Mutations

You have extremely sharp teeth.
Your natural rate of healing is unusually fast.
When hurt, damage is shared between your health and your magic reserves.
Your bite disrupts and absorbs the magic of your enemies.
Potions cannot restore your health.
You are immune to rotting.


Message History

The orc wizard falters for a moment.
Unknown command.
The orc wizard casts a spell.
The orc wizard seems to speed up.
The orc wizard hits you with a +0 dagger.
A jackal comes into view.
You see here an orc corpse.
You hit the orc wizard but do no damage.
Your bite misses the orc wizard.
The orc wizard is almost dead.
The orc hits you but does no damage.
The orc wizard hits you but does no damage.
You hit the orc wizard.
You kill the orc wizard!
The orc hits you with a +0 club.
* * * LOW HITPOINT WARNING * * *
Unknown command.
You barely miss the orc wizard. The orc wizard barely misses you.
The orc hits you with a +0 club.
You die...

#.# #.#
..... #.#h#
#.#.# ###
#.#.# [.
#.#o# #.
#.#@#
#)###.#o#
#......o#
###.>).##
######...#
$.......<.#
.######.#.#
#.#.###
#.....#


You could see an orc wizard, 2 orcs and a jackal.

Vanquished Creatures
  An orc wizard (D:3)
  An adder (D:3)
  An ooze (D:1)
  2 orcs (D:3)
  4 bats
  4 giant cockroaches
  6 goblins
  8 hobgoblins
  4 jackals (D:2)
  2 frilled lizards (D:1)
  A kobold (D:2)
  10 rats
44 creatures vanquished.

Notes
Turn   | Place    | Note
-------+----------+-------------------------------------------
     0 | D:1      | Kairos the Vine Stalker Assassin began the quest for the
                  | Orb.
     0 | D:1      | Reached XP level 1. HP: 11/11 MP: 2/2
   145 | D:1      | Reached skill level 5 in Stealth
   264 | D:1      | Reached XP level 2. HP: 12/15 MP: 3/3
   496 | D:1      | Reached XP level 3. HP: 13/18 MP: 4/4
  1144 | D:2      | Reached skill level 6 in Stealth
  1269 | D:2      | Found a sparkling altar of Nemelex Xobeh.
  1489 | D:3      | Reached skill level 1 in Dodging
  1502 | D:3      | Gained mutation: Your natural rate of healing is unusually
                  | fast. [Vine Stalker growth]
  1502 | D:3      | Reached XP level 4. HP: 15/23 MP: 5/5
  1527 | D:3      | Slain by an orc

Skill      XL: |  1  2  3 |
---------------+----------+-----
Stealth        | 5 6 |  6.3
Short Blades   | 2 |  2.2
Fighting       | 2 |  2.2
Dodging        | 1 |  1.1
Throwing       | |  1.8
Armour         | |  0.4

Action                   |  1- 3 |  4- 6 || total
-------------------------+-------+-------++-------
Melee: Dagger            |   100 |    15 ||   115
       Bite              |    21 |     4 ||    25
  Use: Scroll            |     3 |       ||     3
 Stab: Distracted        |     1 |       ||     1
       Sleeping          |     8 |       ||     8
  Eat: Chunk             |     1 |       ||     1
Armor: Robe              |     8 |       ||     8
       Ring mail         |    28 |     3 ||    31
Dodge: Dodged            |    46 |     9 ||    55
